 Dungeon Crawl Stone Soup version 0.25-a0-661-g55ea3d2053 (webtiles) character file.

Game seed: 10769610884863302978, levelgen mode: deterministic

219 Amnesiac the Cleaver (level 5, -1/45 HPs)
             Began as a Hill Orc Monk on Mar 23, 2020.
             Slain by an orc warrior
             ... wielding a +0 dire flail
              (17 damage)
             ... on level 4 of the Dungeon.
             The game lasted 00:05:58 (2290 turns).

Amnesiac the Cleaver (Hill Orc Monk)                Turns: 2290, Time: 00:06:00

Health: -1/45      AC:  5    Str: 15    XL:     5   Next: 96%
Magic:  5/5        EV: 11    Int: 10    God:
Gold:   28         SH:  0    Dex: 13    Spells: 4/4 levels left

rFire    . . .     SeeInvis .   e - +0 war axe
rCold    . . .     Gourm    .   (no shield)
rNeg     . . .     Faith    .   g - +0 ring mail
rPois    .         Spirit   .   (no helmet)
rElec    .         Reflect  .   (no cloak)
rCorr    .         Harm     .   (no gloves)
MR       .....                  (no boots)
Stlth    +.........             (no amulet)
HPRegen  0.15/turn              (no ring)
MPRegen  0.09/turn              (no ring)

@: no status effects
A: no striking features
a: no special abilities


You were on level 4 of the Dungeon.
You were not hungry.

You visited 2 branches of the dungeon, and saw 6 of its levels.

You collected 28 gold pieces.

Inventory:

Hand Weapons
 a - a +0 hand axe
 e - a +0 war axe (weapon)
Missiles
 i - 2 poisoned darts (quivered)
Armour
 b - a +0 helmet
 g - a +0 ring mail (worn)
Scrolls
 d - a scroll of identify {!r, unknown}
 f - 3 scrolls of noise {!r, unknown}
Potions
 h - a potion of lignification {!q}
 j - a potion of ambrosia {!q, unknown}
Comestibles
 c - a ration
 k - 4 chunks of flesh


   Skills:
 - Level 3.6 Fighting
 * Level 8.5 Axes
 - Level 2.4 Dodging
 - Level 1.5 Stealth


You had 4 spell levels left.
You didn't know any spells.
Your spell library was empty.

Dungeon Overview and Level Annotations

Branches:
Dungeon (5/15)             Temple (1/1) D:4

Altars:
Dithmenos
Fedhas
Hepliaklqana
Kikubaaqudgha
Nemelex Xobeh
Qazlal
Ru
Sif Muna
Trog
Uskayaw
Vehumet
Wu Jian
Yredelemnul
The Shining One

Annotations:
D:3 exclusion: downstairs
D:4 exclusion: downstairs
D:5 Grinder


Message History

You throw a poisoned dart. The poisoned dart hits the orc warrior.
The orc warrior is poisoned.
Throwing (i - inventory)
i - 10 poisoned darts (quivered)
Press: ? - help, Shift-Dir - straight line, f/p - orc warrior
Aim: an orc warrior, wielding a +0 dire flail and wearing a +0 plate armour (poisoned)
You throw a poisoned dart. The poisoned dart hits the orc warrior.
The orc warrior looks even sicker.
The orc warrior closely misses you.
Throwing (i - inventory)
i - 9 poisoned darts (quivered)
Press: ? - help, Shift-Dir - straight line, f/p - orc warrior
Aim: an orc warrior, wielding a +0 dire flail and wearing a +0 plate armour (very poisoned)
You throw a poisoned dart.
The poisoned dart closely misses the orc warrior.
The orc warrior hits you with a +0 dire flail!
Throwing (i - inventory)
i - 8 poisoned darts (quivered)
Press: ? - help, Shift-Dir - straight line, f/p - orc warrior
Aim: an orc warrior, wielding a +0 dire flail and wearing a +0 plate armour (lightly wounded, very poisoned)
You throw a poisoned dart.
The poisoned dart closely misses the orc warrior.
The orc warrior hits you with a +0 dire flail!
Unknown command.
Throwing (i - inventory)
i - 7 poisoned darts (quivered)
Press: ? - help, Shift-Dir - straight line, f/p - orc warrior
Aim: an orc warrior, wielding a +0 dire flail and wearing a +0 plate armour (lightly wounded, very poisoned)
You throw a poisoned dart.
The poisoned dart closely misses the orc warrior.
The orc warrior barely misses you.
Unknown command.
You see here 13 stones.
Throwing (i - inventory)
i - 6 poisoned darts (quivered)
Press: ? - help, Shift-Dir - straight line, f/p - orc warrior
Aim: an orc warrior, wielding a +0 dire flail and wearing a +0 plate armour (moderately wounded, poisoned)
You throw a poisoned dart. The poisoned dart hits the orc warrior.
The orc warrior looks even sicker.
The orc warrior is moderately wounded.
The orc warrior closely misses you.
Unknown command.
You see here a +0 hand axe.
Throwing (i - inventory)
i - 5 poisoned darts (quivered)
Press: ? - help, Shift-Dir - straight line, f/p - orc warrior
Aim: an orc warrior, wielding a +0 dire flail and wearing a +0 plate armour (heavily wounded, poisoned)
You throw a poisoned dart. The poisoned dart hits the orc warrior.
The orc warrior looks even sicker.
The orc warrior is heavily wounded.
The orc warrior barely misses you.
Unknown command.
Some of the chunks of flesh in your inventory have rotted away.
Throwing (i - inventory)
i - 4 poisoned darts (quivered)
Press: ? - help, Shift-Dir - straight line, f/p - orc warrior
Aim: an orc warrior, wielding a +0 dire flail and wearing a +0 plate armour (severely wounded, poisoned)
You throw a poisoned dart. The poisoned dart hits the orc warrior.
The orc warrior looks even sicker.
The orc warrior is severely wounded.
The orc warrior hits you with a +0 dire flail!
* * * LOW HITPOINT WARNING * * *
Unknown command.
The orc warrior looks more healthy.
Throwing (i - inventory)
i - 3 poisoned darts (quivered)
Press: ? - help, Shift-Dir - straight line, f/p - orc warrior
Aim: an orc warrior, wielding a +0 dire flail and wearing a +0 plate armour (almost dead)
You throw a poisoned dart. The poisoned dart hits the orc warrior.
The orc warrior is poisoned.
The orc warrior is almost dead.
The orc warrior hits you with a +0 dire flail!
You die...

#.#########.#########
#....................
#..####.###.#######..
#...........#######.#
##..........(.....)(..
#.........############
#.#####.#.####
###.#####.#....#
#.....o@.<####.#
#.##.####### #.#
#..........###.#
####.#####.#...#
#....##.#.### ###
#....##(#.# #..
#....##.#.######.#
#.#####.......##.#
#.#######.###)##.#


You could see an orc warrior.

Vanquished Creatures
  A scorpion (D:4)
  A bullfrog zombie (D:5)
  An iguana (D:5)
  An orc wizard (D:4)
  A worker ant (D:4)
  3 adders
  A leopard gecko (D:4)
  5 orcs
  A ball python (D:3)
  A bat (D:3)
  4 giant cockroaches
  A hobgoblin (D:3)
  8 jackals
  3 kobolds (D:3)
  A frilled lizard (D:4)
  2 leopard gecko skeletons
  A quokka skeleton (D:4)
  A rat (D:3)
37 creatures vanquished.

Vanquished Creatures (others)
  A rat (D:3)
1 creature vanquished.

Grand Total: 38 creatures vanquished

Notes
Turn   | Place    | Note
-------+----------+-------------------------------------------
     0 | D:1      | Amnesiac the Hill Orc Monk began the quest for the Orb.
     0 | D:1      | Reached XP level 1. HP: 19/19 MP: 1/1
   157 | D:1      | Reached XP level 2. HP: 21/26 MP: 2/2
   209 | D:3      | Found an ornate altar of the Wu Jian Council.
   246 | D:4      | Found a staircase to the Ecumenical Temple.
   251 | D:12     | Identified a paperback manual
   251 | Temple   | Entered the Ecumenical Temple
   400 | D:5      | Entered Level 5 of the Dungeon
   400 | D:5      | Noticed Grinder
   439 | D:4      | Noticed an orc warrior
   455 | D:3      | Reached skill level 5 in Axes
   544 | D:3      | Reached XP level 3. HP: 9/31 MP: 3/3
   905 | D:4      | Found a hazy altar of Hepliaklqana.
   905 | D:4      | Found a sacrificial altar of Ru.
   909 | D:4      | Found a shimmering blue altar of Sif Muna.
   954 | D:5      | Found a basalt altar of Yredelemnul.
  1072 | D:5      | Reached skill level 6 in Axes
  1072 | D:5      | Reached XP level 4. HP: 20/39 MP: 4/4
  1232 | D:4      | Reached skill level 7 in Axes
  1232 | D:4      | Reached XP level 5. HP: 16/45 MP: 5/5
  1244 | D:4      | HP: 3/67 [poisoned by a scorpion]
  1249 | D:4      | HP: 2/67 [poisoned by a scorpion]
  1255 | D:4      | HP: 2/67 [poisoned by a scorpion]
  1794 | D:4      | Reached skill level 8 in Axes
  2290 | D:4      | Slain by an orc warrior

Levels and vault maps discovered:
D:1:      sevenhm_arrival_forest_fort_small_6, layout_basic, ashenzari_altar_1
D:2:      layout_basic, gammafunk_temple_overflow_claw
D:3:      layout_rooms, cheibriados_altar_1, overflow_temple_1_default,
          first_ration, hangedman_decor_lopped, lemuel_another_geyser,
          uniq_crazy_yiuf_cottage
D:4:      layout_basic, kennysheep_little_box, nicolae_overflow_hidden_temple,
          temple_doors_e, led_sif_pool, uniq_menkaure
D:5:      layout_basic, nicolae_overflow_crystal_walls, old_standard_altar,
          serial_bayou_ford_a, lemuel_flamethrower_1, uniq_grinder, uniq_ijyb,
          uniq_sigmund
Temple:   nicolae_temple_figure_zero

Skill      XL: |  1  2  3  4  5 |
---------------+----------------+-----
Axes           | 5 6 7 8 |  8.5
Fighting       | |  3.6
Dodging        | |  2.4
Stealth        | |  1.5

Action                   |  1- 3 |  4- 6 || total
-------------------------+-------+-------++-------
Melee: Hand axe          |    77 |    70 ||   147
       War axe           |       |    17 ||    17
Throw: Dart              |       |    17 ||    17
  Use: Scroll            |     1 |       ||     1
       Potion            |       |     3 ||     3
 Stab: Sleeping          |     3 |       ||     3
  Eat: Ration            |       |     1 ||     1
       Chunk             |       |     1 ||     1
Armor: Robe              |     4 |       ||     4
       Ring mail         |     9 |    38 ||    47
Dodge: Dodged            |    54 |    67 ||   121

Table legend:
 A = Non-vault XP
 B = Vault XP
 C = Vault XP percentage of total XP
 D = Non-vault monster count
 E = Vault monster count
 F = Vault count percentage of total count
                 A         B        C        D         E       F
            +---------+---------+-------+---------+---------+-------
      Total |     314 |       0 |   0.0 |      37 |       0 |   0.0
            +---------+---------+-------+---------+---------+-------
        D:1 |      10 |       0 |   0.0 |       5 |       0 |   0.0
        D:3 |      30 |       0 |   0.0 |      10 |       0 |   0.0
        D:4 |     187 |       0 |   0.0 |      16 |       0 |   0.0
        D:5 |      87 |       0 |   0.0 |       6 |       0 |   0.0
            +---------+---------+-------+---------+---------+-------
